 Dungeon Crawl Stone Soup version 0.28-a0-1038-g9c4cb8273d (webtiles) character file.

Game seed: 13621640732792353387

690 siradein the Skirmisher (level 7, -3/70 HPs)
             Began as a Troll Fighter on Dec 9, 2021.
             Was a Follower of Yredelemnul.
             Shot with an arrow by a centaur (6 damage)
             ... on level 5 of the Dungeon.
             The game lasted 00:05:14 (3846 turns).

siradein the Skirmisher (Troll Fighter)             Turns: 3846, Time: 00:05:15

Health: -3/70      AC:  4    Str: 25    XL:     7   Next: 36%
Magic:  7/7        EV: 10    Int:  4    God:    Yredelemnul [*.....]
Gold:   74         SH:  9    Dex: 17    Spells: 6/6 levels left

rFire   . . .      SeeInvis .   a - +0 flail
rCold   . . .      Faith    .   c - +0 kite shield
rNeg    . . .      Spirit   .   b - +0 robe
rPois   .          Reflect  .   (helmet restricted)
rElec   .          Harm     .   (no cloak)
rCorr   .          Rampage  .   (gloves unavailable)
Will    .....                   (boots unavailable)
Stlth   ++........              (no amulet)
HPRegen 1.01/turn               k - +6 ring of dexterity
MPRegen 0.10/turn               (no ring)

@: no status effects
A: large, unfitting armour, claws 3, regeneration 1, shaggy fur 1, tough skin 1
a: Renounce Religion, Animate Remains


You were on level 5 of the Dungeon.
You worshipped Yredelemnul.
Yredelemnul was aware of your devotion.
You visited 2 branches of the dungeon, and saw 6 of its levels.

You collected 74 gold pieces.

Inventory:

Hand Weapons
 a - a +0 flail (weapon)
Armour
 b - a +0 robe (worn)
 c - a +0 kite shield (worn)
Jewellery
 g - a +6 ring of intelligence
 k - a +6 ring of dexterity (left claw)
Wands
 q - a wand of mindburst (16)
Scrolls
 d - a scroll of teleportation {unknown}
 f - a scroll of immolation {unknown}
 i - 2 scrolls of vulnerability {unknown}
 j - 8 scrolls of identify {unknown}
 m - a scroll of fog {unknown}
 o - a scroll of holy word {unknown}
 r - a scroll of brand weapon {unknown}
Potions
 e - 2 potions of invisibility {unknown}
 h - 2 potions of brilliance {unknown}
 l - a potion of curing {unknown}
 n - a potion of might
 p - 2 potions of lignification {unknown}


   Skills:
 + Level 4.0 Fighting
 + Level 3.9 Maces & Flails
 + Level 4.0 Dodging
 + Level 4.0 Shields
 + Level 1.9 Invocations


You had 6 spell levels left.
You didn't know any spells.
Your spell library contained the following spells:

 Spells                   Type           Power      Damage    Failure   Level
 Magic Dart               Conj           0%         1d3       86%         1
 Call Imp                 Summ           0%         N/A       94%         2
 Mephitic Cloud           Conj/Pois/Air  0%         N/A       99%         3


Dungeon Overview and Level Annotations

Branches:
Dungeon (5/15)             Temple (1/1) D:4

Altars:
Cheibriados
Dithmenos
Hepliaklqana
Nemelex Xobeh
Ru
Sif Muna
Vehumet
Wu Jian
Yredelemnul
Zin


Innate Abilities, Weirdness & Mutations

You are too large for most types of armour.
You have claws for hands.
Your natural rate of healing is unusually fast.
You are covered in fur. (AC +1)
You have tough skin. (AC +1)


Message History

The phantom closely misses you. The centaur hits you.
You block the centaur's attack. The dart slug launches a dart at you.
The slug dart misses you. You block the phantom's attack.
You barely miss the centaur.
The centaur is severely wounded.
You block the centaur's attack. x2; The centaur barely misses you. x2
The phantom misses you. You block the dart slug's attack.
You hit the centaur.
The centaur is almost dead.
You block the centaur's attack. The centaur closely misses you.
The phantom hits you.
The phantom blinks!
You blink.
The centaur hits you.
The centaur kicks you but does no damage.
The dart slug launches a dart at you. You block the slug dart.
You closely miss the centaur.
The centaur is almost dead.
The centaur hits you. The centaur misses you. The phantom hits you.
The phantom blinks!
You blink.
The phantom hits you.
* * * LOW HITPOINT WARNING * * *
You thump the phantom!
You destroy the phantom!
Yredelemnul accepts your kill.
The centaur wields a +0 shortbow.
The centaur shoots an arrow.
The arrow hits you!
* * * LOW HITPOINT WARNING * * *
Your Fighting skill increases to level 4!
Your Dodging skill increases to level 4!
Your Shields skill increases to level 4!
You hit the dart slug but do no damage. The dart slug launches a dart at you.
You block the slug dart.
You sock the dart slug!
You kill the dart slug!
Yredelemnul accepts your kill.
The centaur shoots an arrow.
The arrow hits you!
* * * LOW HITPOINT WARNING * * *
The centaur shoots an arrow.
The arrow hits you.
You die...
Your body rises from the dead as a mindless zombie.

#.# #.# #.# #.# #.#
### #.# ###.#
####.#######.#
....#
+.##.........#
....#
#....#@##.#########
....#
#....#†##.####
....#####
....+c..c§..#
........#
...#.......#
........#
#..........#
........#
#..........#
...####.#
#..........# ...'.#
#.......$..# ...#.#
#....#######


You could see a centaur.

Vanquished Creatures
  Sigmund (D:3)
  A necrophage (D:5)
  A phantom (D:5)
  A scorpion (D:5)
  A water moccasin skeleton (D:4)
  A bullfrog zombie (D:5)
  An iguana (D:4)
  An orc wizard (D:4)
  2 gnolls (D:4)
  6 adders
  An ufetubus (D:5)
  A worm (D:3)
  2 adder skeletons (D:4)
  5 dart slugs
  12 orcs
  4 ball pythons
  5 endoplasms
  3 giant cockroaches
  6 goblins
  7 hobgoblins
  4 kobolds
  2 quokkas
  7 bats
  6 frilled lizards
  6 rats
  2 toadstools (D:1)
89 creatures vanquished.

Vanquished Creatures (others)
  2 toadstools (D:1)
2 creatures vanquished.

Grand Total: 91 creatures vanquished

Notes
Turn   | Place    | Note
-------+----------+-------------------------------------------
     0 | D:1      | siradein the Troll Fighter began the quest for the Orb.
     0 | D:1      | Reached XP level 1. HP: 22/22 MP: 0/0
   317 | D:1      | Reached XP level 2. HP: 23/29 MP: 1/1
   866 | D:2      | Found a faded altar of an unknown god.
  1170 | D:2      | Reached XP level 3. HP: 36/36 MP: 2/2
  1378 | D:3      | Found a shadowy altar of Dithmenos.
  1430 | D:3      | Noticed Sigmund
  1524 | D:3      | Killed Sigmund
  1525 | D:3      | Reached XP level 4. HP: 31/45 MP: 3/3
  1525 | D:3      | Reached XP level 5. HP: 37/53 MP: 4/4
  2466 | D:4      | Found a staircase to the Ecumenical Temple.
  2488 | Temple   | Entered the Ecumenical Temple
  2621 | Temple   | Became a worshipper of Yredelemnul the Dark
  2676 | D:4      | Reached XP level 6. HP: 58/61 MP: 5/5
  2760 | D:4      | Identified the +1 leather armour of Kiacidis {Harm rElec
                  | rPois Str-4}
  3056 | D:4      | Reached skill level 1 in Invocations
  3433 | D:5      | Entered Level 5 of the Dungeon
  3696 | D:5      | Reached XP level 7. HP: 55/68 MP: 5/7
  3738 | D:5      | Reached * piety under Yredelemnul
  3846 | D:5      | HP: 3/70 [centaur/arrow (8)]
  3846 | D:5      | Shot with an arrow by a centaur

Illustrated notes

Levels and vault maps discovered:
D:1:      ldierk_water_garden, layout_loops_ring
D:2:      layout_basic, ebering_ecumenical_altar_sacrificial,
          chequers_serial_rivers_small_b
D:3:      layout_basic, mainiacjoe_overflow_catwalk,
          kennysheep_cross_bottleneck, uniq_sigmund
D:4:      layout_layer_cave, minmay_temple_entry_mist, serial_rivers,
          chequers_serial_rivers_marsh, chequers_serial_rivers_large_a,
          chequers_serial_rivers_micro_c, chequers_serial_rivers_micro_c,
          chequers_serial_rivers_room_b, chequers_serial_rivers_micro_d,
          supply_closet_lemuel, minmay_pentangle
D:5:      layout_basic, overflow_temple_1_default
Temple:   nicolae_temple_figure_zero

Skill      XL: |  1  2  3  4  5  6  7 |
---------------+----------------------+-----
Maces & Flails | 2 3 |  3.9
Fighting       | 3 4 |  4.0
Dodging        | 3 4 |  4.0
Shields        | 3 4 |  4.0
Invocations    | 1 |  1.9

Action                   |  1- 3 |  4- 6 |  7- 9 || total
-------------------------+-------+-------+-------++-------
Melee: Flail             |   101 |   190 |    31 ||   322
  Use: Potion            |     1 |       |       ||     1
 Stab: Sleeping          |       |     1 |       ||     1
Armor: Robe              |    37 |    48 |     9 ||    94
Dodge: Dodged            |    52 |    79 |    28 ||   159
Block: Kite shield       |    38 |    91 |    24 ||   153

Table legend: (Time is in decaauts)
 A = Elapsed time spent in this place.
 B = Non-inter-level travel time spent in this place.
 C = Inter-level travel time spent in this place.
 D = Time resting spent in this place.
 E = Time spent auto-exploring this place.
 F = Levels seen in this place.
 G = Mean time per level.
                   A        B        C        D        E       F      G
               +--------+--------+--------+--------+--------+-----+--------+
         Total |   4021 |   3833 |    188 |     21 |   2902 |   6 |  670.2 |
       Dungeon |   3876 |   3688 |    188 |     21 |   2789 |   5 |  775.2 |
        Temple |    144 |    144 |      0 |      0 |    113 |   1 |  144.0 |
               +--------+--------+--------+--------+--------+-----+--------+

Top non-repeatable levels by time:
     D:4: 1072 daAuts
     D:3: 917 daAuts
     D:1: 744 daAuts
     D:2: 705 daAuts
     D:5: 436 daAuts
  Temple: 144 daAuts
